 Dungeon Crawl Stone Soup version 0.23-a0-175-g97aacdb (webtiles) character file.

60 Gildeon the Cudgeler (level 4, -2/35 HPs)
             Began as a Human Fighter on Sept 16, 2018.
             Slain by an orc (4 damage)
             ... on level 2 of the Dungeon.
             The game lasted 00:04:17 (1249 turns).

Gildeon the Cudgeler (Human Fighter)                Turns: 1249, Time: 00:04:18

Health: -2/35      AC:  6    Str: 16    XL:     4   Next: 24%
Magic:  4/4        EV:  6    Int:  9    God:
Gold:   93         SH:  9    Dex: 13    Spells: 3/3 levels left

rFire    . . .     SeeInvis .   a - +1 flail
rCold    . . .     Gourm    .   c - +0 shield
rNeg     . . .     Faith    .   b - +0 scale mail
rPois    .         Spirit   .   (no helmet)
rElec    .         Reflect  .   (no cloak)
rCorr    .         Harm     .   (no gloves)
MR       .....                  (no boots)
Stlth    ..........             (no amulet)
HPRegen  0.11/turn              (no ring)
MPRegen  0.09/turn              (no ring)

@: no status effects
A: no striking features
a: no special abilities


You were on level 2 of the Dungeon.
You were not hungry.

You visited 1 branch of the dungeon, and saw 3 of its levels.

You collected 93 gold pieces.

Inventory:

Hand Weapons
 a - a +1 flail (weapon)
Armour
 b - a +0 scale mail (worn)
 c - a +0 shield (worn)
Scrolls
 l - a scroll of amnesia {unknown}
Potions
 d - a potion of might
 e - a potion of magic {unknown}
 h - a potion of degeneration {unknown}
 j - a potion of ambrosia {unknown}
 k - a potion of haste {unknown}
Comestibles
 f - 4 rations
 g - 11 chunks of flesh


   Skills:
 - Level 3.0 Fighting
 * Level 4.2 Maces & Flails
 - Level 3.0 Armour
 - Level 3.0 Shields


You had 3 spell levels left.
You didn't know any spells.
Your spell library was empty.

Dungeon Overview and Level Annotations

Branches:
Dungeon (3/15)

Altars:


Message History

The orc barely misses you. The orc hits you with a flail.
* * * LOW HITPOINT WARNING * * *
You hit the orc.
The orc is almost dead.
The orc hits you but does no damage. You block the orc's attack.
The orc barely misses you.
You hit the orc.
You kill the orc!
The orc barely misses you.
Your shield and scale mail prevent you from hitting the orc.
The orc is heavily wounded.
The orc hits you.
* * * LOW HITPOINT WARNING * * *
You closely miss the orc.
The orc is heavily wounded.
The orc hits you but does no damage. You block the orc's attack.
You hit the orc but do no damage.
The orc is heavily wounded.
The orc hits you.
You die...

######## #.......
#.####.[ #.# #.. #.#
#.. ###########.####..
#@o..(............
#)#########.#.....
#####.## #.#.....
#......# #รท####..
#......########.######
#.................)...
#......########.######
#..........# ##.##
###........# #...#


You could see an orc.

Vanquished Creatures
  An ooze (D:2)
  A leopard gecko (D:1)
  6 orcs
  2 giant cockroaches (D:2)
  11 goblins
  6 hobgoblins
  3 bats
  5 frilled lizards
  4 kobolds (D:1)
  8 rats
47 creatures vanquished.

Notes
Turn   | Place    | Note
-------+----------+-------------------------------------------
     0 | D:1      | Gildeon the Human Fighter began the quest for the Orb.
     0 | D:1      | Reached XP level 1. HP: 18/18 MP: 1/1
    73 | D:1      | Reached XP level 2. HP: 23/24 MP: 2/2
   199 | D:1      | Reached skill level 3 in Maces & Flails
   421 | D:1      | Reached XP level 3. HP: 28/29 MP: 3/3
  1210 | D:3      | Reached skill level 4 in Maces & Flails
  1210 | D:3      | Reached XP level 4. HP: 31/35 MP: 4/4
  1249 | D:2      | Slain by an orc

Vault maps used:
D:1:      lemuel_arrival_funnel
D:3:      overflow_temple_1_default, lemuel_coloured_pillars_altar,
          evilmike_ruin_ashenzari, lemuel_doored_altar, first_ration,
          chequers_ecumenical_altar_twisty, kennysheep_nondescript

Skill      XL: |  1  2  3 |
---------------+----------+-----
Maces & Flails | 3 4 |  4.2
Fighting       | |  3.0
Armour         | |  3.0
Shields        | |  3.0

Action                   |  1- 3 |  4- 6 || total
-------------------------+-------+-------++-------
Melee: Flail             |   108 |    22 ||   130
  Use: Scroll            |     3 |       ||     3
  Eat: Chunk             |     1 |       ||     1
Armor: Scale mail        |    30 |    16 ||    46
Dodge: Dodged            |    21 |    10 ||    31
Block: Shield            |    61 |    18 ||    79

Table legend:
 A = Non-vault XP
 B = Vault XP
 C = Vault XP percentage of total XP
 D = Non-vault monster count
 E = Vault monster count
 F = Vault count percentage of total count
                 A         B        C        D         E       F
            +---------+---------+-------+---------+---------+-------
      Total |      86 |       0 |   0.0 |      47 |       0 |   0.0
            +---------+---------+-------+---------+---------+-------
        D:1 |      42 |       0 |   0.0 |      28 |       0 |   0.0
        D:2 |      41 |       0 |   0.0 |      18 |       0 |   0.0
        D:3 |       3 |       0 |   0.0 |       1 |       0 |   0.0
            +---------+---------+-------+---------+---------+-------
